 Dungeon Crawl Stone Soup version 0.29-a0-892-g2c4c91d9db (webtiles) character file.

Game seed: 8495834327245903499

950 CannotBeFrozen the Trooper (level 8, -1/67 HPs)
             Began as a Human Wanderer on July 23, 2022.
             Was a Priest of Dithmenos.
             Slain by a wyvern (14 damage)
             ... on level 5 of the Dungeon.
             The game lasted 00:23:04 (8632 turns).

CannotBeFrozen the Trooper (Human Wanderer)         Turns: 8632, Time: 00:23:05

Health: -1/67      AC:  5    Str: 14    XL:     8   Next: 35%
Magic:  11/11      EV: 10    Int: 15    God:    Dithmenos [***...]
Gold:   153        SH:  0    Dex: 11    Spells: 9/11 levels left

rFire   + . .      SeeInvis .   b - +2 whip (venom)
rCold   . . .      Faith    +   (no shield)
rNeg    . . .      Spirit   .   j - +0 ring mail
rPois   .          Reflect  .   (no helmet)
rElec   .          Harm     .   (no cloak)
rCorr   .          Rampage  .   (no gloves)
Will    +....                   (no boots)
Stlth   +.........              w - amulet of faith
HPRegen 0.21/turn               m - ring of protection from fire
MPRegen 0.12/turn               r - ring of willpower

@: wreathed by umbra
A: no striking features
a: Renounce Religion, Shadow Step


You were on level 5 of the Dungeon.
You worshipped Dithmenos.
Dithmenos was most pleased with you.
You visited 1 branch of the dungeon, and saw 5 of its levels.

You collected 222 gold pieces.
You spent 69 gold pieces at shops.

Inventory:

Hand Weapons
 a - a +2 rapier of draining
 b - a +2 whip of venom (weapon)
 t - a +0 war axe
 z - a +2 hand axe
 B - a +1 dire flail of protection
Missiles
 p - 22 stones
 A - 2 boomerangs (quivered)
Armour
 f - a +0 leather armour
 j - a +0 ring mail (worn)
Jewellery
 m - a ring of protection from fire (left hand)
 r - a ring of willpower (right hand)
 w - an amulet of faith (around neck)
 D - a ring of positive energy
Wands
 c - a wand of polymorph (1)
Scrolls
 d - 3 scrolls of fear
 h - a scroll of magic mapping
 k - a scroll of enchant weapon
 l - a scroll of teleportation {@r2}
Potions
 e - a potion of attraction {unknown}
 g - 3 potions of curing {@q1}
 i - 2 potions of invisibility
 n - 3 potions of lignification
 q - 2 potions of resistance
 u - a potion of flight
 v - 2 potions of degeneration {unknown}
 C - 2 potions of might
 E - a potion of heal wounds {unknown}


   Skills:
 + Level 7.4 Fighting
 - Level 4.0 Axes
 - Level 1.0 Staves
 + Level 1.7 Armour
 + Level 1.2 Dodging
 - Level 2.0 Stealth
 - Level 2.0 Spellcasting
 - Level 2.6 Translocations
 + Level 1.3 Invocations
 - Level 3.0 Evocations


You had 9 spell levels left.
You knew the following spells:

 Your Spells              Type           Power      Damage    Failure   Level
z - Blink                 Tloc           18%        N/A       22%         2

Your spell library contained the following spells:

 Spells                   Type           Power      Damage    Failure   Level
 Magic Dart               Conj           4%         1d3       41%         1
 Sting                    Tmut/Pois      4%         1d3       41%         1
 Ensorcelled Hibernation  Hex/Ice        2%         N/A       54%         2
 Passwall                 Tmut/Erth      0%         N/A       54%         2
 Searing Ray              Conj           2%         2d4       54%         2
 Spider Form              Tmut/Pois      1%         N/A       78%         3
 Swiftness                Air            1%         N/A       78%         3
 Fulminant Prism          Conj/Hex       0%         3d6       99%         4
 Petrify                  Tmut/Erth      1%         N/A       99%         4
 Manifold Assault         Tloc           9%         N/A       99%         5
 Storm Form               Tmut/Air       0%         N/A       100%        7


Dungeon Overview and Level Annotations

Branches:
Dungeon (5/15)
 Temple: D:4-7

Altars:
Dithmenos
Gozag
Sif Muna
Vehumet
Xom

Shops:
D:2 *

Annotations:
D:1 exclusion: kobold


Message History

The centaur is severely wounded.
The centaur closely misses you.
The centaur kicks you but does no damage.
You whack the centaur!
You kill the centaur!
Dithmenos accepts your kill.
You will now sometimes bleed smoke when heavily injured by enemies.
Your Dodging skill increases to level 1!
You start resting.
HP restored.
You see here a +0 shortbow of freezing.
Found a stone staircase leading down.
A wyvern comes into view.
The wyvern hisses angrily.
The wyvern bites you!
HP: 54/67 (-13) =========--- !
You barely miss the wyvern. The wyvern closely misses you.
The wyvern bites you but does no damage.
You hit the wyvern.
The wyvern is lightly wounded.
The wyvern bites you but does no damage.
You hit the wyvern.
The wyvern is poisoned.
The wyvern is moderately wounded.
The wyvern bites you! x2
* * * LOW HITPOINT WARNING * * *
HP: 30/67 (-25) =====------- !!!
You hit the wyvern.
The wyvern is heavily wounded.
The wyvern barely misses you.
You hit the wyvern but do no damage.
The wyvern looks as sick as possible!
The wyvern is heavily wounded.
The wyvern bites you.
* * * LOW HITPOINT WARNING * * *
HP: 26/67 (-4) ====-------- You hit the wyvern.
The wyvern looks as sick as possible!
The wyvern is almost dead.
The wyvern bites you!
* * * LOW HITPOINT WARNING * * *
The wyvern bites you!
You die...

.# #.# #.# #.# #.#### ###
#.##.. ##.#########.##.#
#............##l#
####.########...#@#######.##
.....## #........<.......
###...# ##...#.#######.#.
#...#># ##.##.# #.#...#
#.##.. #.# #.#.### #.#####
... ....# #+# #.# #.### #.#
#.#### ####.### .


You could see a wyvern (extremely poisoned).

Vanquished Creatures
  Edmund (D:4)
  An ogre (D:5)
  A centaur (D:5)
  A phantom (D:4)
  A necrophage (D:5)
  A scorpion (D:4)
  A killer bee (D:4)
  2 hounds (D:5)
  2 orc priests (D:4)
  2 orc wizards
  2 iguanas (D:5)
  8 adders
  A gnoll (D:4)
  A white imp (D:5)
  An ufetubus (D:4)
  3 worms (D:3)
  A dart slug (D:2)
  16 orcs
  7 ball pythons
  6 bats
  10 endoplasms
  5 giant cockroaches
  4 goblins
  6 hobgoblins
  8 kobolds
  2 quokkas
  2 frilled lizards
  2 rats
98 creatures vanquished.

Vanquished Creatures (others)
  8 plants (D:1)
8 creatures vanquished.

Grand Total: 106 creatures vanquished

Notes
Turn   | Place    | Note
-------+----------+-------------------------------------------
     0 | D:1      | CannotBeFrozen the Human Wanderer began the quest for the
                  | Orb.
     0 | D:1      | CannotBeFrozen set off with the following items: a +2 hand
                  | axe, a +0 quarterstaff, a wand of polymorph (5), a scroll
                  | of fear, a +0 robe.
     0 | D:1      | Reached XP level 1. HP: 13/13 MP: 1/1
   498 | D:1      | Reached skill level 1 in Fighting
   669 | D:1      | Reached XP level 2. HP: 16/21 MP: 2/2
   892 | D:1      | Found a faded altar of an unknown god.
   902 | D:1      | Reached skill level 2 in Fighting
   910 | D:1      | Prayed at the altar of an unknown god.
   910 | D:1      | Became a worshipper of Dithmenos the Shadowed
   910 | D:1      | Reached * piety under Dithmenos
  1289 | D:1      | Reached XP level 3. HP: 27/28 MP: 3/3
  1339 | D:1      | Learned a level 2 spell: Blink
  1521 | D:2      | Found Valuap's Assorted Antiques.
  1762 | D:2      | Reached skill level 3 in Fighting
  2232 | D:2      | Reached XP level 4. HP: 6/35 MP: 4/4
  2862 | D:1      | Reached ** piety under Dithmenos
  3292 | D:2      | Bought a scroll labelled CEOTUWNODO for 24 gold pieces
  3292 | D:2      | Bought a scroll labelled YFRAUSOPAT for 24 gold pieces
  3292 | D:2      | Bought an emerald potion for 21 gold pieces
  3750 | D:3      | Reached skill level 4 in Fighting
  3762 | D:3      | Reached XP level 5. HP: 25/43 MP: 5/5
  4432 | D:3      | Found an opulent altar of Gozag.
  5217 | D:4      | Reached skill level 1 in Spellcasting
  5217 | D:4      | Reached skill level 1 in Translocations
  5217 | D:4      | Reached XP level 6. HP: 34/49 MP: 5/7
  5314 | D:4      | Found a radiant altar of Vehumet.
  5314 | D:4      | Found a shimmering altar of Xom.
  5318 | D:4      | Noticed Sigmund
  5326 | D:4      | Noticed Sigmund
  5326 | D:4      | Sigmund changed into Sigmund the killer bee
  5330 | D:4      | Killed Sigmund the killer bee
  5442 | D:4      | Reached skill level 5 in Fighting
  5538 | D:4      | Noticed Edmund
  5882 | D:5      | Entered Level 5 of the Dungeon
  5974 | D:5      | Reached XP level 7. HP: 37/56 MP: 10/10
  6111 | D:5      | Reached skill level 6 in Fighting
  6643 | D:4      | Killed Edmund
  6644 | D:4      | Reached skill level 7 in Fighting
  6971 | D:4      | Reached XP level 8. HP: 49/67 MP: 11/11
  7112 | D:4      | Reached *** piety under Dithmenos
  7207 | D:4      | Got Coyc Lal's Atlas of Permutations
  8076 | D:5      | Found a shimmering blue altar of Sif Muna.
  8090 | D:5      | Reached skill level 1 in Invocations
  8321 | D:5      | Reached skill level 1 in Dodging
  8625 | D:5      | Noticed a wyvern
  8632 | D:5      | Slain by a wyvern

Illustrated notes

Levels and vault maps discovered:
D:1:      ebering_trefoil_3fold, layout_basic, serial_forest,
          infiniplex_forest_straight_3, infiniplex_forest_zigzag_1,
          infiniplex_forest_corner_2, infiniplex_forest_clump_double,
          infiniplex_forest_zigzag_1, infiniplex_forest_lined_1,
          infiniplex_forest_clump_diagonal, dreamdust_ecumenical_altar_statues,
          minmay_misc_feat_roman, minmay_statues_item
D:2:      layout_basic, serial_shops, nicolae_square_shop
D:3:      layout_basic, grunt_gozag_statues, minmay_quantized
D:4:      minmay_opposing_rooms, layout_basic, gammafunk_temple_overflow_wave,
          uniq_sigmund, uniq_edmund
D:5:      layout_loops_corners, hangedman_feature_mirror,
          nicolae_kite_square_tiling_tiny

Skill      XL: |  1  2  3  4  5  6  7  8 |
---------------+-------------------------+-----
Fighting       | 1 2 3 4 5 7 |  7.4
Spellcasting   | 1 2 |  2.0
Translocations | 1 2 |  2.6
Stealth        | 2 |  2.0
Invocations    | 1 |  1.3
Dodging        | 1 |  1.2
Axes           | |  4.0
Staves         | |  1.0
Armour         | |  1.7
Evocations     | |  3.0

Action                   |  1- 3 |  4- 6 |  7- 9 || total
-------------------------+-------+-------+-------++-------
Melee: Hand axe          |   105 |     6 |    17 ||   128
       Whip              |       |   179 |    89 ||   268
       Punch             |       |     1 |     1 ||     2
Throw: Stone             |     3 |       |       ||     3
       Boomerang         |       |       |     3 ||     3
Evoke: Wand              |       |     4 |       ||     4
  Use: Scroll            |       |     7 |     8 ||    15
       Potion            |       |     1 |       ||     1
 Stab: Sleeping          |     1 |       |       ||     1
Armor: Leather armour    |    27 |    20 |       ||    47
       Robe              |     1 |       |       ||     1
       Ring mail         |       |    16 |    25 ||    41
       Skin              |       |     3 |       ||     3
Dodge: Dodged            |    71 |    83 |    73 ||   227

Table legend: (Time is in decaauts)
 A = Elapsed time spent in this place.
 B = Non-inter-level travel time spent in this place.
 C = Inter-level travel time spent in this place.
 D = Time resting spent in this place.
 E = Time spent auto-exploring this place.
 F = Levels seen in this place.
 G = Mean time per level.
                   A        B        C        D        E       F      G
               +--------+--------+--------+--------+--------+-----+--------+
         Total |   8640 |   8233 |    407 |   3399 |   3247 |   5 | 1728.0 |
       Dungeon |   8640 |   8233 |    407 |   3399 |   3247 |   5 | 1728.0 |
               +--------+--------+--------+--------+--------+-----+--------+

Top non-repeatable levels by time:
     D:4: 2171 daAuts
     D:1: 1942 daAuts
     D:2: 1610 daAuts
     D:3: 1590 daAuts
     D:5: 1325 daAuts
